 Dungeon Sprint DCSS version 0.30-a0-802-gb92711bcdf (webtiles) character file.

Game seed: 17007502349698440598

10000000 BigDaddyOpFi the Intangible (level 27, -23/194 (228) HPs)
             Began as a Djinni Warper on Feb 23, 2023.
             Was the Champion of Makhleb.
             Killed from afar by a wretched soul (107 damage)
             ... with a bolt of negative energy
             ... in the Dungeon (Sprint VIII: "Arena of Blood").
             The game lasted 00:02:36 (100 turns).

BigDaddyOpFi the Intangible (Djinni Warper)          Turns: 100, Time: 00:02:37

HP:   -23/194 (228) AC:  6    Str: 10    XL:     27
Gold: 0             EV: 38    Int: 15    God:    Makhleb [******] SH:  0 Dex: 27

rFire   + + .      SeeInvis .    h - +∞ Axe of Woe
rCold   x . .      Faith    .    (shield currently unavailable)
rNeg    . . .      Spirit   .    a - +0 leather armour
rPois   ∞          Reflect  .    (no helmet)
rElec   .          Harm     .    (no cloak)
rCorr   .          Rampage  .    (no gloves)
Will    ++...      NoTele   +    (boots unavailable)
Stlth   ++++++++++               (no amulet)
HPRegen 0.52/turn                (no ring)
MPRegen 0.00/turn                (no ring)

@: flying, slowed, heavily drained, very slow
A: sickness immunity, fire resistance 2, cold vulnerability 1, float, innate
caster, HP casting, extra vitality 1
a: Renounce Religion, Minor Destruction, Lesser Servant of Makhleb, Major
Destruction, Greater Servant of Makhleb


You were in the Dungeon.
You worshipped Makhleb.
Makhleb was exalted by your worship.
You visited 1 branch

Inventory:

Hand Weapons
 h - the +∞ Axe of Woe (weapon)
   (You found it in the Dungeon)
Missiles
 c - 7 boomerangs of dispersal (quivered)
Armour
 a - a +0 leather armour (worn)
Scrolls
 b - 2 scrolls of blinking
Potions
 d - a potion of curing
 e - a potion of heal wounds
 f - a potion of haste
 g - a potion of berserk rage


   Skills:
 O Level 27 Fighting
 O Level 27 Short Blades
 O Level 27 Long Blades
 O Level 27 Axes
 O Level 27 Maces & Flails
 O Level 27 Polearms
 O Level 27 Staves
 O Level 27 Ranged Weapons
 O Level 27 Throwing
 O Level 27 Armour
 O Level 27 Dodging
 O Level 27 Stealth
 O Level 27 Shields
 O Level 27 Unarmed Combat
 O Level 27 Spellcasting
 O Level 27 Invocations
 O Level 27 Evocations


You knew the following spells:

 Your Spells              Type           Power      Damage    Failure   Level
a - Blink                 Tloc           100%       N/A       0%          2
b - Lesser Beckoning      Tloc           100%       N/A       0%          2
c - Vhi's Electric Charg  Tloc/Air       100%       N/A       0%          3
d - Teleport Other        Tloc           79%        N/A       0%          3
e - Manifold Assault      Tloc           79%        N/A       0%          4
f - Shock                 Conj/Air       100%       1d9       0%          1
g - Wereblood             Tmut           79%        N/A       0%          2
h - Poisonous Vapours     Pois/Air       100%       N/A       0%          2
i - Ozocubu's Armour      Ice            79%        N/A       0%          3
j - Alistair's Intoxicat  Tmut/Pois      52%        N/A       0%          5
k - Borgnjor's Vile Clut  Necr/Erth      39%        N/A       0%          5
l - Iron Shot             Conj/Erth      39%        9d8       0%          6
m - Simulacrum            Ice/Necr       39%        N/A       0%          6
n - Summon Cactus Giant   Summ           39%        N/A       0%          6
o - Maxwell's Capacitive  Air            39%        ∞         1%          8
p - Enfeeble              Hex            39%        N/A       1%          7
q - Infestation           Necr           39%        N/A       1%          8
r - Shatter               Erth           39%        3d31*     3%          9
Your spell library was empty.

Dungeon Overview and Level Annotations

Branches:
Dungeon (1/1)

Altars:
Makhleb


Innate Abilities, Weirdness & Mutations

You are immune to sickness and miasma.
You are immune to poison.
Your flesh is very heat resistant. (rF++)
You are vulnerable to cold. (rC-)
You float through the air rather than walking.
You learn spells naturally, not from books.
Your magical power is your life essence.
You have superior vitality. (+4 MHP)


Message History

Unknown command.
You hit the accursed but do no damage.
You hew the accursed savagely.
You destroy the accursed!
Makhleb accepts your kill.
You feel better.
You slice the bag of meat!!
You slaughter the bag of meat joyfully.
You kill the bag of meat!
Makhleb accepts your kill.
You feel better.
You hit something but do no damage.
You hew something savagely.
Makhleb accepts your kill.
You feel better.
Reactivating autopickup.
You feel a bit more experienced.
You feel extremely nervous for a moment...
You feel horribly lethargic.
You feel as though you will be slow longer.
You are engulfed in blazing flames.
You resist.
You hear a shout! x4
The bag of meat is engulfed in blazing flames.
The dread calls on the powers of darkness!
The bag of meat convulses! x2; The large bag of meat convulses!
Flame seeps out of the large bag of meat.
Your body is wracked with pain!
* * * LOW HITPOINT WARNING * * *
The bag of meat convulses! x2; Something is bathed in an unholy light!
The large bag of meat is engulfed in blazing flames.
You hear a shout! x3
Unknown command.
You cut the bag of meat into ribbons!!!
You hew the bag of meat savagely.
You kill the bag of meat!
Makhleb accepts your kill.
You feel better.
You are engulfed in blazing flames.
You resist.
You hear a shout! x2
A bolt of negative energy appears from out of thin air!
Deactivating autopickup; reactivate with Ctrl-A.
The bolt of negative energy hits you!!!!
You feel drained.
Ouch! That really hurt!
You die...

...... .. . ....##.##
... ..........
..####.....##.##.
..#.....{.........
...#..........#.#....
...#.......o.°.......
#...#..)@){O○........
.....#)°))o).........
......)z☼☼.).W.......
......)))))).........
#.....)))#o)))...#
...#..)))#.L)....# .
#.....)###..).)..###..
...........)###)O.....
....#z.ooO)..°§°......


You could see a tyrant, a sculptor of flesh, a large bag of meat (inner flame),
a dread and 3 bags of meat.

Vanquished Creatures
  9 hell beasts (D)
  7 royal mummies (D)
  4 great orbs of eyes (D)
  A wraith (D)
  11 vampire knights (D)
  50 ogres (D)
  14 two-headed ogres (D)
  6 liches (D)
  A hydra (D)
  5 phantoms (D)
  91 orcs (D)
  5 skeletal warriors (D)
204 creatures vanquished.

Vanquished Creatures (others)
  2 orcs (D)
2 creatures vanquished.

Grand Total: 206 creatures vanquished

Notes
Turn   | Place    | Note
-------+----------+-------------------------------------------
     0 | D        | Found the +∞ Axe of Woe
     0 | D        | BigDaddyOpFi the Djinni Warper began the quest for the Orb.
     0 | D        | BigDaddyOpFi set off with the following spells memorised:
                  | Blink, Lesser Beckoning, Vhi's Electric Charge, Teleport
                  | Other, Manifold Assault.
     0 | D        | Reached XP level 1. HP: 18/18 MP: 0/0
     3 | D        | Noticed a bag of meat
     3 | D        | Noticed a bag of meat
     4 | D        | Became a worshipper of Makhleb the Destroyer
     4 | D        | Noticed a bag of meat
     5 | D        | Noticed a bag of meat
     6 | D        | Noticed a bag of meat
     6 | D        | Noticed a bag of meat
     7 | D        | Noticed a bag of meat
     7 | D        | Noticed a meat berserker
     8 | D        | Noticed a meat berserker
     8 | D        | Noticed a meat berserker
     9 | D        | Noticed a bag of meat
     9 | D        | Noticed a bag of meat
    10 | D        | Killed a bag of meat
    10 | D        | Killed a bag of meat
    10 | D        | Reached * piety under Makhleb
    10 | D        | Noticed a bag of meat
    11 | D        | Reached skill level 10 in Fighting
    11 | D        | Reached skill level 10 in Armour
    11 | D        | Reached skill level 10 in Unarmed Combat
    11 | D        | Reached skill level 10 in Invocations
    11 | D        | Reached XP level 2. HP: 36/36 MP: 0/0
    11 | D        | Reached XP level 3. HP: 41/41 MP: 0/0
    11 | D        | Learned a level 1 spell: Shock
    11 | D        | Reached XP level 4. HP: 47/47 MP: 0/0
    11 | D        | Reached XP level 5. HP: 52/52 MP: 0/0
    11 | D        | Learned a level 2 spell: Wereblood
    11 | D        | Reached XP level 6. HP: 58/58 MP: 0/0
    11 | D        | Reached XP level 7. HP: 64/64 MP: 0/0
    11 | D        | Learned a level 2 spell: Poisonous Vapours
    11 | D        | Reached XP level 8. HP: 69/69 MP: 0/0
    11 | D        | Reached XP level 9. HP: 75/75 MP: 0/0
    11 | D        | Learned a level 3 spell: Ozocubu's Armour
    11 | D        | Reached XP level 10. HP: 81/81 MP: 0/0
    11 | D        | Reached XP level 11. HP: 86/86 MP: 0/0
    11 | D        | Learned a level 5 spell: Alistair's Intoxication
    11 | D        | Reached XP level 12. HP: 92/92 MP: 0/0
    11 | D        | Killed a meat berserker
    11 | D        | Killed a bag of meat
    11 | D        | Noticed a bag of meat
    12 | D        | Reached skill level 10 in Axes
    12 | D        | Reached skill level 10 in Throwing
    12 | D        | Reached skill level 10 in Spellcasting
    12 | D        | Reached XP level 13. HP: 102/102 MP: 0/0
    12 | D        | Learned a level 5 spell: Borgnjor's Vile Clutch
    12 | D        | Reached XP level 14. HP: 108/108 MP: 0/0
    12 | D        | Killed a bag of meat
    12 | D        | Reached ** piety under Makhleb
    12 | D        | Noticed a bag of meat
    12 | D        | Noticed a bag of meat
    12 | D        | Noticed a bag of meat
    12 | D        | Noticed a meat berserker
    13 | D        | Killed a meat berserker
    13 | D        | Killed a meat berserker
    13 | D        | Killed a bag of meat
    13 | D        | Reached *** piety under Makhleb
    13 | D        | Noticed a bag of meat
    13 | D        | Noticed a large bag of meat
    14 | D        | Reached skill level 15 in Fighting
    14 | D        | Reached skill level 15 in Armour
    14 | D        | Reached skill level 15 in Unarmed Combat
    14 | D        | Reached skill level 15 in Invocations
    14 | D        | Reached XP level 15. HP: 120/120 MP: 0/0
    14 | D        | Learned a level 6 spell: Iron Shot
    15 | D        | Reached XP level 16. HP: 128/128 MP: 0/0
    15 | D        | Reached **** piety under Makhleb
    16 | D        | Reached skill level 15 in Stealth
    16 | D        | Killed a meat berserker
    16 | D        | Reached ***** piety under Makhleb
    17 | D        | Reached skill level 15 in Axes
    17 | D        | Reached skill level 15 in Throwing
    17 | D        | Reached XP level 17. HP: 139/139 MP: 0/0
    17 | D        | Learned a level 6 spell: Simulacrum
    17 | D        | Killed a large bag of meat
    17 | D        | Noticed a large bag of meat
    18 | D        | Reached skill level 15 in Spellcasting
    18 | D        | Reached XP level 18. HP: 145/148 MP: 0/0
    18 | D        | Noticed a meat berserker
    20 | D        | Reached ****** piety under Makhleb
    20 | D        | Noticed a meat berserker
    20 | D        | Noticed a meat berserker
    21 | D        | Noticed a meat berserker
    21 | D        | Killed a meat berserker
    22 | D        | Reached XP level 19. HP: 157/157 MP: 0/0
    22 | D        | Learned a level 6 spell: Summon Cactus Giant
    22 | D        | Noticed a destroyer
    22 | D        | Noticed a meat berserker
    23 | D        | Killed a destroyer
    23 | D        | Noticed a meat berserker
    23 | D        | Noticed a meat berserker
    24 | D        | Noticed a large bag of meat
    25 | D        | Killed a meat berserker
    26 | D        | Reached XP level 20. HP: 169/169 MP: 0/0
    26 | D        | Killed a large bag of meat
    26 | D        | Killed a meat berserker
    27 | D        | Killed a meat berserker
    27 | D        | Killed a meat berserker
    27 | D        | Noticed a meat berserker
    27 | D        | Noticed a large bag of meat
    27 | D        | Noticed a meat berserker
    28 | D        | Reached XP level 21. HP: 180/180 MP: 0/0
    28 | D        | Learned a level 8 spell: Maxwell's Capacitive Coupling
    28 | D        | Killed a meat berserker
    28 | D        | Killed a meat berserker
    29 | D        | Reached skill level 27 in Dodging
    30 | D        | Killed a meat berserker
    30 | D        | Noticed a large bag of meat
    30 | D        | Noticed a meat berserker
    31 | D        | Reached XP level 22. HP: 191/191 MP: 0/0
    31 | D        | Noticed a large bag of meat
    32 | D        | Killed a large bag of meat
    33 | D        | Killed a meat berserker
    34 | D        | Reached skill level 27 in Fighting
    34 | D        | Reached skill level 27 in Armour
    34 | D        | Reached skill level 27 in Unarmed Combat
    34 | D        | Reached skill level 27 in Invocations
    34 | D        | Noticed a meat berserker
    34 | D        | Noticed a large bag of meat
    34 | D        | Killed a meat berserker
    34 | D        | Noticed a meat berserker
    34 | D        | Noticed a meat berserker
    35 | D        | Noticed a destroyer
    35 | D        | Killed a meat berserker
    36 | D        | Reached XP level 23. HP: 201/201 MP: 0/0
    36 | D        | Learned a level 7 spell: Enfeeble
    37 | D        | Reached skill level 27 in Stealth
    38 | D        | Noticed a destroyer
    38 | D        | Killed a destroyer
    39 | D        | Reached skill level 27 in Axes
    39 | D        | Reached skill level 27 in Throwing
    39 | D        | Reached skill level 27 in Spellcasting
    40 | D        | Reached XP level 24. HP: 208/208 MP: 0/0
    41 | D        | Noticed a destroyer
    43 | D        | Killed a destroyer
    43 | D        | Noticed a destroyer
    44 | D        | Noticed an accursed
    44 | D        | Killed a destroyer
    45 | D        | Reached XP level 25. HP: 143/214 MP: 0/0
    45 | D        | Learned a level 8 spell: Infestation
    45 | D        | Noticed a tyrant
    46 | D        | Killed a large bag of meat
    46 | D        | Killed a large bag of meat
    46 | D        | Killed a large bag of meat
    46 | D        | Noticed a tyrant
    47 | D        | Reached skill level 27 in Maces & Flails
    47 | D        | Reached skill level 27 in Polearms
    47 | D        | Reached skill level 15 in Staves
    47 | D        | Noticed an accursed
    47 | D        | Killed a tyrant
    50 | D        | Reached XP level 26. HP: 189/221 MP: 0/0
    51 | D        | Killed a tyrant
    52 | D        | Reached skill level 27 in Staves
    52 | D        | Reached skill level 5 in Short Blades
    52 | D        | Reached skill level 5 in Long Blades
    52 | D        | Reached skill level 5 in Shields
    52 | D        | Reached skill level 5 in Evocations
    53 | D        | Reached skill level 10 in Short Blades
    53 | D        | Reached skill level 10 in Long Blades
    53 | D        | Noticed a destroyer
    53 | D        | Noticed a large bag of meat
    53 | D        | Noticed an accursed
    53 | D        | Noticed an accursed
    53 | D        | Killed an accursed
    53 | D        | Noticed a tyrant
    53 | D        | Noticed a large bag of meat
    54 | D        | Reached XP level 27. HP: 194/228 MP: 0/0
    54 | D        | Learned a level 9 spell: Shatter
    54 | D        | Killed a tyrant
    54 | D        | Noticed a large bag of meat
    56 | D        | Reached skill level 15 in Ranged Weapons
    56 | D        | Noticed a tyrant
    58 | D        | Noticed an accursed
    58 | D        | Noticed a meat beast
    59 | D        | Killed a large bag of meat
    59 | D        | Noticed a destroyer
    59 | D        | Noticed a destroyer
    61 | D        | Killed an accursed
    62 | D        | Killed a destroyer
    64 | D        | Noticed a meat beast
    64 | D        | Killed a destroyer
    65 | D        | Reached skill level 27 in Shields
    65 | D        | Reached skill level 27 in Evocations
    65 | D        | Killed an accursed
    65 | D        | Killed a destroyer
    65 | D        | Killed a tyrant
    65 | D        | Noticed a dread
    66 | D        | Reached skill level 27 in Short Blades
    66 | D        | Reached skill level 27 in Long Blades
    66 | D        | Reached skill level 27 in Ranged Weapons
    66 | D        | Killed a meat beast
    67 | D        | Killed a large bag of meat
    67 | D        | Killed a large bag of meat
    67 | D        | Killed a meat beast
    67 | D        | Noticed a meat beast
    68 | D        | Noticed a meat beast
    68 | D        | Noticed a destroyer
    69 | D        | Killed an accursed
    69 | D        | Noticed a large bag of meat
    69 | D        | Noticed an accursed
    69 | D        | Noticed a destroyer
    70 | D        | Noticed a meat beast
    70 | D        | Killed a meat beast
    70 | D        | Killed a destroyer
    71 | D        | Killed a large bag of meat
    71 | D        | Killed a destroyer
    71 | D        | Noticed a destroyer
    72 | D        | Killed a meat beast
    72 | D        | Noticed a large bag of meat
    73 | D        | Killed a meat beast
    76 | D        | Noticed a meat beast
    77 | D        | Noticed a meat beast
    77 | D        | Noticed a meat beast
    79 | D        | Killed a large bag of meat
    80 | D        | Killed a meat beast
    80 | D        | Noticed a meat beast
    81 | D        | Killed a meat beast
    81 | D        | Killed a meat beast
    82 | D        | Killed a large bag of meat
    82 | D        | Noticed a large bag of meat
    83 | D        | Killed a destroyer
    83 | D        | Killed an accursed
    84 | D        | Killed a meat beast
    84 | D        | Noticed a tyrant
    86 | D        | Killed a destroyer
    87 | D        | Killed an accursed
    89 | D        | Killed a large bag of meat
    89 | D        | Noticed a large bag of meat
    90 | D        | Noticed a tyrant
    90 | D        | Killed a tyrant
    91 | D        | Killed a dread
    92 | D        | Killed a tyrant
    93 | D        | Noticed an accursed
    95 | D        | Noticed a large bag of meat
    95 | D        | Killed a large bag of meat
    95 | D        | Noticed a dread
    97 | D        | Noticed a tyrant
    99 | D        | Killed an accursed
   100 | D        | Killed from afar by a wretched soul

Illustrated notes

Levels and vault maps discovered:
D:        meatsprint

Skill      XL: |  1  2  3  4  5  6  7  8  9 10 11 12 13 14 15 16 17 18 19 20 21 22 23 24 25 26 27 |
---------------+----------------------------------------------------------------------------------+-----
Fighting       | 10 12 15 16 18 19 20 22 24 26 27 | 27.0
Axes           | 8 10 13 15 16 17 19 21 22 24 27 | 27.0
Throwing       | 8 10 13 15 16 17 19 21 22 24 27 | 27.0
Armour         | 10 12 15 16 18 19 20 22 24 26 27 | 27.0
Dodging        | 11 13 16 17 19 20 22 24 26 27 | 27.0
Stealth        | 9 11 14 16 17 19 21 22 24 26 27 | 27.0
Unarmed Combat | 10 12 15 16 18 19 21 22 24 26 27 | 27.0
Spellcasting   | 8 10 12 14 15 16 18 19 20 23 27 | 27.0
Invocations    | 10 12 15 16 18 19 20 22 24 26 27 | 27.0
Maces & Flails | 11 22 27 | 27.0
Polearms       | 11 22 27 | 27.0
Staves         | 23 27 | 27.0
Short Blades   | 13 27 | 27.0
Long Blades    | 13 27 | 27.0
Ranged Weapons | 12 27 | 27.0
Shields        | 14 27 | 27.0
Evocations     | 14 27 | 27.0

Action                     |  1- 3 |  4- 6 |  7- 9 | 10-12 | 13-15 | 16-18 | 19-21 | 22-24 | 25-27 || total
---------------------------+-------+-------+-------+-------+-------+-------+-------+-------+-------++-------
  Melee: Executioner's axe |     1 |       |       |     1 |     3 |     7 |     8 |    13 |    53 ||    86
   Cast: Vhi's Electric Ch |       |       |       |       |       |     1 |     1 |     6 |     6 ||    14
 Armour: Leather armour    |       |       |       |       |       |       |       |       |     3 ||     3
  Dodge: Dodged            |       |       |       |       |       |     1 |     1 |       |    12 ||    14

Table legend: (Time is in decaauts)
 A = Elapsed time spent in this place.
 B = Non-inter-level travel time spent in this place.
 C = Inter-level travel time spent in this place.
 D = Time resting spent in this place.
 E = Time spent auto-exploring this place.
 F = Levels seen in this place.
 G = Mean time per level.
                   A        B        C        D        E       F      G
               +--------+--------+--------+--------+--------+-----+--------+
         Total |     99 |     99 |      0 |      0 |      0 |   1 |   99.0 |
       Dungeon |     99 |     99 |      0 |      0 |      0 |   1 |   99.0 |
               +--------+--------+--------+--------+--------+-----+--------+

Top non-repeatable levels by time:
       D: 99 daAuts
